 Dungeon Crawl Stone Soup version 0.18.1-5-g4a78601 (webtiles) character file.

2842 shmeve the Blocker (level 9, -15/121 HPs)
             Began as a Minotaur Berserker on May 14, 2016.
             Was an Elder of Trog.
             Demolished by HunfridMar's ghost (31 damage)
             ... on level 6 of the Dungeon.
             The game lasted 00:13:48 (4256 turns).

shmeve the Blocker (Minotaur Berserker)             Turns: 4256, Time: 00:13:48

Health: -15/121    AC: 14    Str: 29    XL:     9   Next: 46%
Magic:  8/8        EV: 10    Int:  5    God:    Trog [****..]
Gold:   263        SH:  5    Dex: 10    Spells: 0 memorised, 8 levels left

rFire  . . .     SeeInvis .     B - +0 war axe
rCold  . . .     Gourm    .     v - +0 chain mail
rNeg   . . .     Faith    .     o - +0 buckler
rPois  .         Spirit   .     (helmet restricted)
rElec  .         Dismiss  .     (no cloak)
rCorr  +         Reflect  .     w - +2 pair of gloves
SustAt .         Harm     .     E - +0 pair of boots
MR     +....                    (no amulet)
Stlth  ..........               z - ring of protection from magic
                                i - ring of resist corrosion

@: berserking (expiring), drained, very quick, somewhat resistant to hostile
enchantments, extremely unstealthy
A: retaliatory headbutt, horns 2
a: Berserk, Trog's Hand, Brothers in Arms, Burn Spellbooks, Renounce Religion


You were on level 6 of the Dungeon.
You worshipped Trog.
Trog was greatly pleased with you.
You were not hungry.

You visited 1 branch of the dungeon, and saw 6 of its levels.

You collected 375 gold pieces.
You spent 112 gold pieces at shops.

Inventory:

Hand Weapons
 B - a +0 war axe (weapon)
Missiles
 q - 2 tomahawks (quivered)
 x - 3 javelins of penetration
Armour
 o - a +0 buckler (worn)
 v - a +0 chain mail (worn)
 w - a +2 pair of gloves (worn)
 E - a +0 pair of boots (worn)
Jewellery
 i - a ring of resist corrosion (left hand)
 z - a ring of protection from magic (right hand)
Wands
 b - a wand of digging (13/24)
Scrolls
 e - 2 scrolls of enchant weapon {unknown}
 g - a scroll of enchant armour {unknown}
 h - a scroll of noise {unknown}
 j - a scroll of fear {unknown}
 k - 3 scrolls of remove curse {unknown}
 l - 8 scrolls of identify {unknown}
 m - 3 scrolls of fog {unknown}
 n - a scroll of amnesia {unknown}
 p - a scroll of recharging {unknown}
 y - 2 scrolls of blinking {unknown}
 D - a scroll of magic mapping {unknown}
Potions
 f - 2 potions of haste {unknown}
 r - a potion of invisibility {unknown}
 s - a potion of magic {unknown}
 t - a potion of cure mutation {unknown}
 u - 2 potions of curing {unknown}
 A - 2 potions of heal wounds {unknown}
 C - a potion of might {unknown}
Comestibles
 a - a meat ration
 c - 2 bread rations
 d - 7 chunks of flesh


   Skills:
 * Level 7.8(7.0) Fighting
 * Level 7.8(6.9) Axes
 + Level 3.5(2.7) Throwing
 + Level 5.7(4.9) Armour
 + Level 5.1(4.3) Dodging
 * Level 8.6(7.7) Shields


You had 8 spell levels left.
You didn't know any spells.

Dungeon Overview and Level Annotations

Branches:
Dungeon (6/15)             Temple (0/1) D:5

Altars:
Cheibriados
Pakellas

Shops:
D:4 =%([:

Annotations:
D:6 HunfridMar's ghost, novice OgBe


Innate Abilities, Weirdness & Mutations

You reflexively headbutt those who attack you in melee.
You have a pair of horns on your head.


Message History

Your chain mail prevents you from hitting HunfridMar's ghost.
You headbutt HunfridMar's ghost!
HunfridMar's ghost is lightly damaged.
HunfridMar's ghost hits you but does no damage.
You closely miss HunfridMar's ghost.
Your headbutt misses HunfridMar's ghost.
HunfridMar's ghost is lightly damaged.
You hit HunfridMar's ghost.
Your headbutt misses HunfridMar's ghost.
HunfridMar's ghost is moderately damaged.
HunfridMar's ghost hits you!
* * * LOW HITPOINT WARNING * * *
You barely miss HunfridMar's ghost.
HunfridMar's ghost is moderately damaged.
HunfridMar's ghost hits you.
* * * LOW HITPOINT WARNING * * *
You slice HunfridMar's ghost!!
HunfridMar's ghost is severely damaged.
HunfridMar's ghost hits you!!
You die...

####.#####.#####...#
#...........#.#.##
#######...#.._...##
#....†.#.#...##
#........#....##
#........###..)#
######.### #.#.....#
#..## #.#####..
##@.# #.# ##W.##<#
#.##.# #....####
###.....## ##(....#
#([...#
#########.((.(##
...............#


You could see HunfridMar's ghost.

Vanquished Creatures
  Grinder (D:3)
  4 yaks (D:5)
  A hungry ghost (D:4)
  The ghost of murtidash the Conjurer, an amateur DECj of Vehumet (D:3)
  A sky beast (D:6)
  Purgy (D:3)
  An ice beast (D:5)
  A phantom (D:5)
  An ogre (D:4)
  The ghost of MatlockB the Stinger, an amateur GrVM (D:4)
  Blork the orc (D:6)
  A scorpion (D:4)
  3 wights (D:6)
  2 howler monkeys
  3 crimson imps
  2 hounds
  4 orc priests
  A centaur zombie (D:5)
  A jelly (D:5)
  2 giant frog skeletons
  Ijyb (D:2)
  7 orc wizards
  Natasha (D:3)
  2 iguanas
  2 worker ants
  A hound skeleton (D:5)
  4 gnolls (D:2)
  9 adders
  4 worms
  4 dart slugs
  2 giant geckos
  16 orcs
  12 bats
  3 giant cockroaches
  5 goblins
  11 hobgoblins
  6 jackals (D:2)
  10 kobolds
  A quokka (D:3)
  A ball python (D:1)
  7 giant newts
  A jackal skeleton (D:4)
  7 rats
150 creatures vanquished.

Notes
Turn   | Place    | Note
--------------------------------------------------------------
     0 | D:1      | shmeve the Minotaur Berserker began the quest for the Orb.
     0 | D:1      | Reached XP level 1. HP: 19/19 MP: 0/0
   173 | D:1      | Reached XP level 2. HP: 23/27 MP: 1/1
   379 | D:1      | Reached ** piety under Trog
   538 | D:1      | Reached XP level 3. HP: 33/33 MP: 2/2
   941 | D:2      | Noticed Ijyb
   959 | D:2      | Killed Ijyb
   959 | D:2      | Reached XP level 4. HP: 34/41 MP: 3/3
  1147 | D:2      | Reached skill level 1 in Throwing
  1345 | D:2      | Reached XP level 5. HP: 39/47 MP: 4/4
  1419 | D:2      | Reached *** piety under Trog
  1456 | D:2      | Found an oddly glowing altar of Pakellas.
  1488 | D:2      | Reached skill level 1 in Shields
  1637 | D:3      | Noticed murtidash's ghost (amateur DECj)
  1644 | D:3      | Killed murtidash's ghost
  1644 | D:3      | Reached skill level 3 in Shields
  1668 | D:3      | Reached XP level 6. HP: 53/53 MP: 5/5
  1681 | D:3      | Reached skill level 4 in Shields
  1771 | D:3      | Noticed Purgy
  1777 | D:3      | Killed Purgy
  1777 | D:3      | Reached skill level 5 in Shields
  1785 | D:3      | Noticed Grinder
  1814 | D:3      | Killed Grinder
  1814 | D:3      | Reached skill level 5 in Fighting
  1814 | D:3      | Reached skill level 6 in Shields
  1814 | D:3      | Reached XP level 7. HP: 49/61 MP: 6/6
  1866 | D:3      | Reached skill level 5 in Axes
  2134 | D:3      | Noticed Natasha
  2147 | D:3      | Killed Natasha
  2495 | D:4      | Found Cytowkel's Book Shop.
  2514 | D:4      | Received a gift from Trog
  2609 | D:4      | Noticed MatlockB's ghost (amateur GrVM)
  2620 | D:4      | Killed MatlockB's ghost
  2620 | D:4      | Reached XP level 8. HP: 59/70 MP: 7/7
  2745 | D:4      | HP: 1/105 [ogre/giant club (16)]
  2750 | D:4      | HP: 5/105 [poisoned by a scorpion]
  3020 | D:4      | Reached skill level 7 in Shields
  3025 | D:4      | Found Gemej's Food Shop.
  3059 | D:4      | Found Qoklopn's Jewellery Boutique.
  3129 | D:4      | Found Icvioxt's Antique Armour Shop.
  3133 | D:4      | Bought a pair of runed gloves for 112 gold pieces
  3235 | D:4      | Found Docuth's Antique Weapon Boutique.
  3322 | D:5      | Entered Level 5 of the Dungeon
  3531 | D:5      | Reached **** piety under Trog
  3630 | D:5      | Found a snail-covered altar of Cheibriados.
  3961 | D:5      | Reached skill level 5 in Armour
  3961 | D:5      | Reached XP level 9. HP: 79/79 MP: 8/8
  3963 | D:5      | Reached skill level 8 in Shields
  3980 | D:5      | Found a staircase to the Ecumenical Temple.
  4051 | D:6      | Found a snail-covered altar of Cheibriados.
  4184 | D:6      | Noticed Blork the orc
  4192 | D:6      | Killed Blork the orc
  4194 | D:6      | Reached skill level 5 in Dodging
  4241 | D:6      | Noticed HunfridMar's ghost (novice OgBe)
  4256 | D:6      | Demolished by HunfridMar's ghost

Skill      XL: |  1  2  3  4  5  6  7  8  9 |
---------------+----------------------------+-----
Fighting       | 4 5 7 |  7.8
Axes           | 4 6 7 |  7.8
Armour         | 3 4 5 |  5.7
Throwing       | 1 2 3 |  3.5
Dodging        | 3 4 5 |  5.1
Shields        | 3 6 7 8 |  8.6

Action                   |  1- 3 |  4- 6 |  7- 9 || total
-------------------------+-------+-------+-------++-------
Melee: Hand axe          |    74 |    85 |    99 ||   258
       Headbutt          |    12 |    12 |    41 ||    65
       War axe           |       |       |   162 ||   162
Throw: Tomahawk          |       |     8 |    34 ||    42
Invok: Berserk           |       |     3 |     6 ||     9
       Trog's Hand       |       |     3 |     3 ||     6
       Burn Spellbooks   |       |       |     1 ||     1
 Stab: Sleeping          |     1 |     2 |       ||     3
  Eat: Chunk             |       |     3 |    11 ||    14
       Meat ration       |       |     1 |       ||     1
       Bread ration      |       |       |     2 ||     2
       Beef jerky        |       |       |     1 ||     1
Armor: Animal skin       |    14 |    16 |    11 ||    41
       Chain mail        |       |       |   129 ||   129
Dodge: Dodged            |    49 |    61 |   117 ||   227
Block: Buckler           |       |     9 |    64 ||    73
